 Dungeon Sprint DCSS version 0.30-a0-528-g8c47a4955b (webtiles) character file.

Game seed: 6786549523926339680

661 rocky1 the Protected (level 7, -1/50 HPs)
             Began as a Gargoyle Fighter on Dec 24, 2022.
             Was an Initiate of Gozag.
             Slain by an orange demon (5 damage)
             ... summoned by a kobold demonologist
             ... in the Dungeon (Sprint III: "The Ten Rune Challenge").
             The game lasted 00:02:09 (861 turns).

rocky1 the Protected (Gargoyle Fighter)              Turns: 861, Time: 00:02:10

Health: -1/50      AC: 13    Str: 22    XL:     7   Next: 56%
Magic:  7/7        EV: 10    Int:  8    God:    Gozag
Gold:   226        SH:  5    Dex:  9    Spells: 6/6 levels left

rFire   . . .      SeeInvis .    a - +0 flail
rCold   . . .      Faith    .    c - +0 buckler
rNeg    + . .      Spirit   .    b - +0 scale mail
rPois   ∞          Reflect  .    (no helmet)
rElec   +          Harm     .    (no cloak)
rCorr   .          Rampage  .    (no gloves)
Will    .....      NoTele   +    (no boots) Stlth
                                 (no amulet)
HPRegen 0.28/turn                (no ring)
MPRegen 0.10/turn                (no ring)

@: no status effects
A: sickness immunity, AC +4, negative energy resistance 1, electricity
resistance, torment resistance 1, petrification resistance
a: Renounce Religion, Potion Petition, Call Merchant, Bribe Branch


You were in the Dungeon.
You worshipped Gozag.
Gozag was aware of your devotion.
You visited 1 branch You collected 226 gold pieces.

Inventory:

Hand Weapons
 a - a +0 flail (weapon)
Armour
 b - a +0 scale mail (worn)
 c - a +0 buckler (worn)
Scrolls
 k - a scroll of vulnerability {unknown}
 l - a scroll of immolation {unknown}
 m - a scroll of enchant armour {unknown}
 o - a scroll of torment {unknown}
 p - a scroll of identify {unknown}
Potions
 d - a potion of might
 e - a potion of curing
 g - a potion of haste
 h - 2 potions of magic
 n - 3 potions of flight
 q - 4 potions of mutation


   Skills:
 + Level 8.4 Fighting
 + Level 8.8 Maces & Flails
 + Level 9.8 Armour
 + Level 2.7 Dodging
 - Level 0.1 Stealth
 + Level 8.3 Shields


You had 6 spell levels left.
You didn't know any spells.
Your spell library was empty.

Dungeon Overview and Level Annotations

Branches:
Dungeon (1/1)

Altars:
Cheibriados
Dithmenos
Fedhas
Gozag
Hepliaklqana
Kikubaaqudgha
Makhleb
Nemelex Xobeh
Okawaru
Qazlal
Ru
Sif Muna
Trog
Uskayaw
Vehumet
Wu Jian
Xom
Yredelemnul
Jiyva
Lugonu


Innate Abilities, Weirdness & Mutations

You are immune to sickness and miasma.
Your stone body is resilient. (AC +4)
You are immune to poison.
You resist negative energy. (rN+)
You are resistant to electric shocks. (rElec)
You are resistant to unholy torment.
You are immune to petrification.


Message History

The sixfirhy hits you. The sixfirhy shocks you. You resist.
The sixfirhy hits you.
* * * LOW HITPOINT WARNING * * *
The sixfirhy shocks you. You resist.
* * * LOW HITPOINT WARNING * * *
The kobold demonologist mumbles some strange words.
The sixfirhy hits you but does no damage.
You feel much better. You block the sixfirhy's attack. x2
The kobold demonologist looks satisfied for a moment.
The sixfirhy attacks as you move away! The sixfirhy hits you!
The sixfirhy shocks you. You resist.
The kobold demonologist mumbles some strange words.
You block the sixfirhy's attack. The sixfirhy closely misses you.
The sixfirhy barely misses you. The orange demon barely misses you.
Blink to where?
Press: ? - help, Dir - move target
Found a book of Dangerous Friends.
As you read the scroll of blinking, it crumbles to dust.
The sixfirhy hits you. The sixfirhy shocks you. You resist.
* * * LOW HITPOINT WARNING * * *
The sixfirhy barely misses you.
The kobold demonologist miscasts a cantrip.
Something hits you but does no damage. The orange demon barely misses you.
You block the orange demon's attack.
Unknown command.
Okay, then.
You barely miss the kobold demonologist.
You block the kobold demonologist's attack.
Something hits you but does no damage. The orange demon stings you!
* * * LOW HITPOINT WARNING * * *
The orange demon completely misses you.
Unknown command.
You hit the kobold demonologist.
The kobold demonologist is moderately wounded.
The kobold demonologist completely misses you.
Something hits you but does no damage.
The orange demon stings you but does no damage.
The orange demon hits you.
You die...
Your body crumbles into a pile of gold.

.#......#####..# ___#__#$$ $
##...†...#..#..# __)#._#$
.##.##...#..#..###+#'###)##
.##.###).##'#..#..........#$
####.##..###...'.⌠........#$
$
##..##..####...#...######'#$
.†..##..###....#5⌠.#__#...#
#..##...##.....#34.#__#...#
..##....#......#@###__#...#
.###..##.#.....#{K:#__#...+
.# #.. ####....#___#__+...#
▓▓ ▓▓▓ ▓▓▓▓▓▓▓▓▓▓▓▓▓▓▓▓▓ $


You could see an orange demon (summoned), a kobold demonologist, a sixfirhy
(summoned) and an ufetubus (summoned).

Vanquished Creatures
  A shadow (D)
  A necrophage (D)
  A water elemental (D)
  A jelly (D)
  Jessica (D)
  A necromancer (D)
  3 humans (D)
  A wolf (D)
  An endoplasm (D)
  2 rats (D)
13 creatures vanquished.

Notes
Turn   | Place    | Note
-------+----------+-------------------------------------------
     0 | D        | rocky1 the Gargoyle Fighter began the quest for the Orb.
     0 | D        | Reached XP level 1. HP: 14/14 MP: 1/1
    49 | D        | Noticed Jessica
    58 | D        | Killed Jessica
    59 | D        | Reached skill level 4 in Armour
    59 | D        | Reached XP level 2. HP: 13/20 MP: 2/2
    59 | D        | Reached XP level 3. HP: 16/24 MP: 3/3
   116 | D        | Reached skill level 5 in Fighting
   116 | D        | Reached skill level 5 in Armour
   116 | D        | Reached skill level 5 in Shields
   140 | D        | Reached XP level 4. HP: 19/31 MP: 4/4
   206 | D        | Noticed a water elemental
   209 | D        | Killed a water elemental
   210 | D        | Reached skill level 6 in Armour
   210 | D        | Reached XP level 5. HP: 36/36 MP: 5/5
   325 | D        | Noticed a shadow
   329 | D        | Reached skill level 7 in Armour
   329 | D        | Reached skill level 1 in Dodging
   339 | D        | HP: 1/37 [something (7)]
   346 | D        | Killed a shadow
   347 | D        | Reached skill level 5 in Maces & Flails
   347 | D        | Reached skill level 8 in Armour
   347 | D        | Reached XP level 6. HP: 8/44 MP: 6/6
   488 | D        | Found a blossoming altar of Fedhas.
   488 | D        | Found a stormy altar of Qazlal.
   488 | D        | Found a snail-covered altar of Cheibriados.
   488 | D        | Found a burning altar of Makhleb.
   488 | D        | Found a shimmering altar of Xom.
   488 | D        | Noticed a spatial vortex
   489 | D        | Found a hazy altar of Hepliaklqana.
   489 | D        | Found an opulent altar of Gozag.
   489 | D        | Found a sparkling altar of Nemelex Xobeh.
   489 | D        | Found a corrupted altar of Lugonu.
   489 | D        | Found a viscous altar of Jiyva.
   494 | D        | Became a worshipper of Gozag Ym Sagoz the Greedy
   643 | D        | Found a basalt altar of Yredelemnul.
   643 | D        | Found a shadowy altar of Dithmenos.
   643 | D        | Found a sacrificial altar of Ru.
   654 | D        | Reached skill level 9 in Armour
   674 | D        | Found a hide-covered altar of Uskayaw.
   674 | D        | Found an iron altar of Okawaru.
   674 | D        | Found a bloodstained altar of Trog.
   674 | D        | Found an ornate altar of the Wu Jian Council.
   674 | D        | Noticed a human
   674 | D        | Noticed a human
   686 | D        | Killed a human
   687 | D        | Reached XP level 7. HP: 44/49 MP: 7/7
   703 | D        | Killed a human
   845 | D        | Found a radiant altar of Vehumet.
   845 | D        | Found a shimmering blue altar of Sif Muna.
   845 | D        | Found an ancient bone altar of Kikubaaqudgha.
   849 | D        | Noticed a sixfirhy
   858 | D        | Noticed an orange demon
   861 | D        | Slain by an orange demon

Illustrated notes

Levels and vault maps discovered:
D:        dungeon_sprint_mu [sprint_mu_entry_cave, sprint_mu_temple_rooms,
          sprint_mu_d1_horrors, sprint_mu_d2_genie, sprint_mu_d3_branching,
          sprint_mu_orc_legion, sprint_mu_elf_gauntlet, sprint_mu_hive_nellie,
          sprint_mu_lair_fedhas, sprint_mu_vaults_butterflies,
          sprint_mu_slime_circle, sprint_mu_shoals_archi,
          sprint_mu_snake_twists, sprint_mu_blade_basic,
          sprint_mu_crypt_chambers, sprint_mu_tomb_spiral,
          sprint_mu_vestibule_basic, sprint_mu_gehenna_hellfire,
          sprint_mu_dis_giant, sprint_mu_tartarus_statrot,
          sprint_mu_cocytus_islands, sprint_mu_zot1]

Skill      XL: |  1  2  3  4  5  6  7 |
---------------+----------------------+-----
Fighting       | 4 5 6 7 8 |  8.4
Armour         | 4 5 6 8 9 |  9.8
Shields        | 4 5 6 7 8 |  8.3
Maces & Flails | 3 5 7 8 |  8.8
Dodging        | 1 2 |  2.7
Stealth        | |  0.1

Action                   |  1- 3 |  4- 6 |  7- 9 || total
-------------------------+-------+-------+-------++-------
Melee: Flail             |    35 |    39 |    27 ||   101
  Use: Potion            |       |     2 |     1 ||     3
       Scroll            |       |       |     1 ||     1
Armor: Scale mail        |    14 |     7 |    14 ||    35
Dodge: Dodged            |     9 |     8 |    17 ||    34
Block: Buckler           |     8 |     8 |    10 ||    26

Table legend: (Time is in decaauts)
 A = Elapsed time spent in this place.
 B = Non-inter-level travel time spent in this place.
 C = Inter-level travel time spent in this place.
 D = Time resting spent in this place.
 E = Time spent auto-exploring this place.
 F = Levels seen in this place.
 G = Mean time per level.
                   A        B        C        D        E       F      G
               +--------+--------+--------+--------+--------+-----+--------+
         Total |    888 |    888 |      0 |    598 |     30 |   1 |  888.0 |
       Dungeon |    888 |    888 |      0 |    598 |     30 |   1 |  888.0 |
               +--------+--------+--------+--------+--------+-----+--------+

Top non-repeatable levels by time:
       D: 888 daAuts
